 Dungeon Crawl Stone Soup version 0.29.0-4-gdea44cf6ec (webtiles) character file.

Game seed: 10199908197395370896

554 quinnr the Destroyer (level 7, -4/36 HPs)
             Began as a Tengu Conjurer on Aug 27, 2022.
             Slain by a shadow (18 damage)
             ... on level 5 of the Dungeon.
             The game lasted 00:10:56 (5182 turns).

quinnr the Destroyer (Tengu Conjurer)               Turns: 5182, Time: 00:10:56

Health: -4/36      AC:  3    Str:  7    XL:     7   Next: 30%
Magic:  3/11       EV: 15    Int: 20    God:
Gold:   277        SH:  0    Dex: 13    Spells: 6/10 levels left

rFire   . . .      SeeInvis .   (no weapon)
rCold   + . .      Faith    .   (no shield)
rNeg    . . .      Spirit   .   a - +0 robe
rPois   .          Reflect  .   m - +0 hat
rElec   .          Harm     .   (no cloak)
rCorr   +          Rampage  .   x - +0 pair of gloves
Will    .....                   (boots unavailable)
Stlth   ++........              (no amulet)
HPRegen 0.12/turn               C - ring of protection from cold
MPRegen 0.12/turn               R - ring of resist corrosion

@: brilliant, flying quickly and evasively, quick
A: beak, talons 3, nimble flight
a: no special abilities


You were on level 5 of the Dungeon.
You visited 1 branch of the dungeon, and saw 5 of its levels.
You also visited: Sewer.

You collected 277 gold pieces.


Innate Abilities, Weirdness & Mutations

You have a beak for a mouth.
You have claws for feet.
Your magical nature lets you fly swiftly and evasively.


   Skills:
 + Level 2.7 Dodging
 - Level 2.0 Stealth
 + Level 2.4 Spellcasting
 - Level 9.0 Conjurations
 + Level 3.3 Hexes


You had 6 spell levels left.
You knew the following spells:

 Your Spells              Type           Power      Damage    Failure   Level
m - Magic Dart            Conj           100%       1d8       1%          1
s - Searing Ray           Conj           100%       2d8       1%          2
w - Slow                  Hex            92%        N/A       4%          1

Your spell library contained the following spells:

 Spells                   Type           Power      Damage    Failure   Level
 Dazzling Flash           Conj/Hex       80%        N/A       3%          3
 Fulminant Prism          Conj/Hex       20%        3d13      12%         4
 Call Imp                 Summ           3%         N/A       22%         2
 Iskenderun's Mystic Bla  Conj/Tloc      30%        2d8       24%         4
 Summon Lightning Spire   Summ/Air       3%         N/A       83%         4
 Summon Mana Viper        Hex/Summ       13%        N/A       91%         5
 Conjure Ball Lightning   Conj/Air       15%        3x3d6     98%         6
 Summon Cactus Giant      Summ           1%         N/A       100%        6
 Discord                  Hex            11%        N/A       100%        8
 Disjunction              Tloc           1%         N/A       100%        8

Inventory:

Hand Weapons
 w - a +1 dagger of flaming
 y - a +2 short sword of speed
Armour
 a - a +0 robe (worn)
 m - a +0 hat (worn)
 x - a +0 pair of gloves (worn)
Jewellery
 p - an amulet of faith {!P}
 C - a ring of protection from cold (left hand)
 D - a +6 ring of dexterity
 R - a ring of resist corrosion (right hand)
Wands
 q - a wand of flame (8)
Scrolls
 c - 2 scrolls of noise
 d - 5 scrolls of identify {unknown}
 e - a scroll of enchant weapon {unknown}
 f - a scroll of immolation {unknown}
 g - a scroll of magic mapping
 h - a scroll of vulnerability {unknown}
 k - a scroll of amnesia {unknown}
 n - a scroll of blinking {unknown}
 r - a scroll of fog {unknown}
 t - a scroll of teleportation {unknown}
 u - a scroll of torment {unknown}
Potions
 b - 2 potions of magic
 i - a potion of brilliance
 j - 2 potions of resistance {unknown}
 l - 4 potions of degeneration {unknown}
 s - a potion of might {unknown}
 v - a potion of curing {unknown}

Dungeon Overview and Level Annotations

Branches:
Dungeon (5/15)              Sewer (visited)
 Temple: D:4-7

Altars:
Fedhas
Hepliaklqana
Makhleb

Shops:
D:4

( #.# #.# #.# #.# #.#
#.# #.#
#.###################
#..†@................
#####################
# # # # #


There were no monsters in sight!


Message History

The hound attacks as you move away! The hound misses you.
The hound barely misses you. The hound attacks as you move away!
The hound barely misses you. The hound bites you.
* * * LOW HITPOINT WARNING * * *
The hound attacks as you move away! The hound completely misses you.
You see here a hound corpse.
The hound attacks as you move away! The hound bites you.
* * * LOW HITPOINT WARNING * * *
The hound misses you.
It was a potion of brilliance.
You feel clever all of a sudden. The hound barely misses you.
Casting: Searing Ray (safe; 1% risk of failure)
Confirm with . or Enter, or press ? or * to list all spells.
Aiming: Searing Ray (safe; 1% risk of failure)
Press: ? - help, Shift-Dir - straight line You feel a surge of power!
The searing ray misses the hound.
The searing ray hits something. (Press . to maintain the ray.)
The hound completely misses you. The hound bites you.
* * * LOW HITPOINT WARNING * * *
The searing ray hits the hound.
The hound is heavily wounded.
The hound closely misses you.
The searing ray hits the hound!
You kill the hound!
The shadow strikes at you from the darkness!
Ouch! That really hurt!
You die...

Skill      XL: |  1  2  3  4  5  6  7 |
---------------+----------------------+-----
Conjurations   | 6 7 8 9 |  9.0
Hexes          | 1 2 3 |  3.3
Dodging        | |  2.7
Stealth        | |  2.0
Spellcasting   | |  2.4

Action                   |  1- 3 |  4- 6 |  7- 9 || total
-------------------------+-------+-------+-------++-------
Melee: Unarmed           |     1 |     6 |       ||     7
       Kick              |       |     1 |       ||     1
 Cast: Magic Dart        |    36 |   118 |    17 ||   171
       Searing Ray       |     2 |    12 |     4 ||    18
       Slow              |       |     1 |     3 ||     4
  Use: Scroll            |       |     2 |       ||     2
       Potion            |       |     1 |     1 ||     2
Armor: Robe              |     1 |    11 |     2 ||    14
Dodge: Dodged            |     5 |    30 |    19 ||    54

Levels and vault maps discovered:
D:1:      kennysheep_arrival_seaside, layout_loops_ring,
          shapermc_ecumenical_altar_mp_ritualfount
D:2:      layout_rooms, grunt_decor_cap, minmay_split_cup_small
D:3:      layout_basic, mainiacjoe_overflow_concentric_impassable,
          nicolae_overflow_hidden_temple, lightli_temple_of_fire,
          gup_sewer_entry_spiral, grunt_ministairs_12
D:4:      layout_loops_cross, serial_shops, shop, minivault_14,
          minmay_pentomino_pile
D:5:      layout_basic, nemelex_altar_shiori, trog_butcher_becter,
          minmay_temple_entry_proselytizer, grunt_decor_fettered, uniq_sigmund

Notes
Turn   | Place    | Note
-------+----------+-------------------------------------------
     0 | D:1      | quinnr the Tengu Conjurer began the quest for the Orb.
     0 | D:1      | Reached XP level 1. HP: 10/10 MP: 4/4
   282 | D:1      | Reached XP level 2. HP: 15/15 MP: 3/6
   383 | D:1      | Reached skill level 6 in Conjurations
   396 | D:1      | Got Sif Muna's Precepts of the Fetching Entourage
   540 | D:1      | Found a faded altar of an unknown god.
  1015 | D:1      | Reached XP level 3. HP: 15/19 MP: 3/7
  1070 | D:1      | Learned a level 2 spell: Searing Ray
  1072 | D:1      | Learned a level 1 spell: Slow
  1366 | D:2      | Reached skill level 1 in Hexes
  1366 | D:2      | Reached XP level 4. HP: 24/24 MP: 2/8
  1456 | D:2      | Reached skill level 7 in Conjurations
  1933 | D:3      | Found a blossoming altar of Fedhas.
  2078 | D:3      | Found a glowing drain.
  2082 | Sewer    | Entered a sewer
  2251 | Sewer    | Noticed a water moccasin
  2260 | Sewer    | Killed a water moccasin
  2261 | Sewer    | Reached skill level 2 in Hexes
  2261 | Sewer    | Gained mutation: Your magical nature lets you fly swiftly
                  | and evasively. [Tengu growth]
  2261 | Sewer    | Reached XP level 5. HP: 28/28 MP: 3/9
  2524 | D:3      | Found a burning altar of Makhleb.
  2715 | D:3      | Found a hazy altar of Hepliaklqana.
  2823 | D:3      | Reached skill level 8 in Conjurations
  3230 | D:4      | Reached XP level 6. HP: 32/32 MP: 6/10
  3923 | D:4      | HP: 1/32 [orc priest/divine providence (9)]
  3927 | D:4      | Reached skill level 3 in Hexes
  4568 | D:4      | Reached XP level 7. HP: 36/36 MP: 3/11
  4867 | D:4      | Found Quunol's Weapon Emporium.
  4993 | D:5      | Entered Level 5 of the Dungeon
  5017 | D:5      | Reached skill level 9 in Conjurations
  5156 | D:5      | Noticed a shadow
  5182 | D:5      | Slain by a shadow

Vanquished Creatures
  A water moccasin (Sewer)
  An ogre (D:4)
  A scorpion (D:4)
  An orc priest (D:4)
  3 hounds (D:5)
  A gnoll (D:4)
  9 adders
  3 ufetubi (D:4)
  2 dart slugs (D:4)
  2 worms
  8 orcs
  5 ball pythons
  9 bats
  5 endoplasms
  7 giant cockroaches
  9 goblins
  4 hobgoblins
  10 jackals
  4 quokkas
  3 frilled lizards (D:2)
  3 kobolds (D:4)
  4 rats
95 creatures vanquished.

Vanquished Creatures (others)
  A fungus (D:1)
  A plant (D:1)
2 creatures vanquished.

Grand Total: 97 creatures vanquished

Table legend: (Time is in decaauts)
 A = Elapsed time spent in this place.
 B = Non-inter-level travel time spent in this place.
 C = Inter-level travel time spent in this place.
 D = Time resting spent in this place.
 E = Time spent auto-exploring this place.
 F = Levels seen in this place.
 G = Mean time per level.
                   A        B        C        D        E       F      G
               +--------+--------+--------+--------+--------+-----+--------+
         Total |   5074 |   4787 |    287 |    598 |   3438 |   6 |  845.7 |
       Dungeon |   4772 |   4485 |    287 |    528 |   3280 |   5 |  954.4 |
         Sewer |    302 |    302 |      0 |     70 |    157 |   1 |  302.0 |
               +--------+--------+--------+--------+--------+-----+--------+

Top non-repeatable levels by time:
     D:4: 1363 daAuts
     D:3: 1263 daAuts
     D:1: 1182 daAuts
     D:2: 785 daAuts
   Sewer: 302 daAuts
     D:5: 177 daAuts

Table legend:
 A = Non-vault XP
 B = Vault XP
 C = Vault XP percentage of total XP
 D = Non-vault monster count
 E = Vault monster count
 F = Vault count percentage of total count
                 A         B        C        D         E       F
            +---------+---------+-------+---------+---------+-------
      Total |     499 |     336 |  40.2 |      69 |      26 |  27.4
            +---------+---------+-------+---------+---------+-------
        D:1 |      49 |       0 |   0.0 |      14 |       0 |   0.0
        D:2 |      53 |      17 |  24.3 |      18 |       3 |  14.3
        D:3 |      16 |      27 |  62.8 |       8 |       7 |  46.7
        D:4 |     255 |     136 |  34.8 |      26 |       9 |  25.7
        D:5 |     126 |       0 |   0.0 |       3 |       0 |   0.0
      Sewer |       0 |     156 | 100.0 |       0 |       7 | 100.0
            +---------+---------+-------+---------+---------+-------
